 Dungeon Crawl Stone Soup version 0.28-a0-401-ge240ad9e29 (webtiles) character file.

Game seed: 3244444795931955951

171 mistaj the Skirmisher (level 5, -2/29 HPs)
             Began as a Vine Stalker Fighter on Sept 4, 2021.
             Slain by an ice beast (8 damage)
             ... on level 4 of the Dungeon.
             The game lasted 00:04:16 (2959 turns).

mistaj the Skirmisher (Vine Stalker Fighter)        Turns: 2959, Time: 00:04:18

Health: -2/29      AC: 11    Str: 18    XL:     5   Next: 51%
Magic:  0/9        EV:  6    Int:  9    God:
Gold:   142        SH:  4    Dex: 14    Spells: 8/8 levels left

rFire   . . .      SeeInvis .   l - +3 dagger
rCold   . . .      Faith    +   c - +0 buckler
rNeg    . . .      Spirit   +   f - +0 chain mail
rPois   +          Reflect  .   (no helmet)
rElec   .          Harm     .   s - +2 cloak
rCorr   .          Rampage  .   (no gloves)
Will    .....                   (no boots)
Stlth   ..........              n - amulet of faith
HPRegen 1.09/turn               a - ring of poison resistance
MPRegen 0.11/turn               (no ring)

@: no status effects
A: fangs 2, regeneration 1, magic shield, antimagic bite, no potion heal 2
a: no special abilities


You were on level 4 of the Dungeon.
You visited 1 branch of the dungeon, and saw 4 of its levels.

You collected 142 gold pieces.

Inventory:

Hand Weapons
 l - a +3 dagger (weapon)
Armour
 c - a +0 buckler (worn)
 f - a +0 chain mail (worn)
 s - a +2 cloak (worn)
Jewellery
 a - a ring of poison resistance (left hand)
 n - an amulet of faith (around neck)
Scrolls
 b - 5 scrolls of teleportation {unknown}
 g - 4 scrolls of identify {unknown}
 j - a scroll of magic mapping {unknown}
 o - 2 scrolls of amnesia {unknown}
 r - a scroll of fog {unknown}
Potions
 d - a potion of might
 e - a potion of curing {unknown}
 h - a potion of cancellation {unknown}
 i - a potion of lignification {unknown}
 k - a potion of degeneration {unknown}
 m - a potion of heal wounds {unknown}
 p - a potion of haste {unknown}
 q - a potion of flight {unknown}


   Skills:
 + Level 4.0 Fighting
 + Level 3.3 Short Blades
 - Level 2.4 Armour
 - Level 2.6 Shields
 - Level 2.2 Spellcasting


You had 8 spell levels left.
You didn't know any spells.
Your spell library was empty.

Dungeon Overview and Level Annotations

Branches:
Dungeon (4/15)
 Temple: D:4-7

Altars:
Qazlal
Uskayaw


Innate Abilities, Weirdness & Mutations

You have extremely sharp teeth.
Your natural rate of healing is unusually fast.
When hurt, damage is shared between your health and your magic reserves.
Your bite disrupts and absorbs the magic of your enemies.
Potions cannot restore your health.


Message History

You drain its power.
You feel invigorated.
The ice beast is lightly wounded.
The ice beast hits you but does no damage.
You hit the ice beast.
You bite the ice beast, but do no damage.
The ice beast is lightly wounded.
You block the ice beast's attack.
You barely miss the ice beast.
The ice beast is lightly wounded.
The ice beast hits you but does no damage.
You hit the ice beast but do no damage.
The ice beast is lightly wounded.
You hit the ice beast. You bite the ice beast. You drain its power.
The ice beast is moderately wounded.
The ice beast barely misses you.
You hit the ice beast.
The ice beast is heavily wounded.
A gnoll comes into view. It is wielding a +0 whip.
The ice beast hits you. The ice beast freezes you.
You hit the ice beast. You bite the ice beast. You drain its power.
You feel invigorated.
The ice beast is heavily wounded.
The ice beast hits you. The ice beast freezes you!
You are too injured to fight recklessly!
You are too injured to fight recklessly!
You are too injured to fight recklessly!
You are too injured to fight recklessly!
You are too injured to fight recklessly!
You hit the ice beast.
You bite the ice beast, but do no damage.
The ice beast is severely wounded.
The ice beast hits you. The ice beast freezes you.
* * * LOW HITPOINT WARNING * * *
You closely miss the ice beast.
You bite the ice beast, but do no damage.
The ice beast is severely wounded.
The ice beast hits you.
* * * LOW HITPOINT WARNING * * *
The ice beast freezes you!
You die...

## ... ........ ##.##... ...
........ .......# ... #.#...
....... ... #.... ... ....#
.# #.# #..# .... ....##.##
#.# ##..##..... ..#..#..##
+#.#+ ##..).......
.........###...###K.........>
..#..........8..@Yl.g........
..#......###...###...........
........# +#.#+ ##.....#....
.......## #.# ##....#....
.......# ##.## #..#...#..
.......# ##...## #.##......
.#.....####.....####.. ....
.##.##................ ..
###..##..###..#......


You could see an ice beast, an iguana, a gnoll and a kobold.

Vanquished Creatures
  2 orc priests (D:3)
  4 gnolls (D:2)
  2 adders (D:2)
  An adder skeleton (D:4)
  4 orcs
  6 bats
  4 endoplasms
  3 goblins
  7 hobgoblins
  3 jackals (D:1)
  2 quokkas (D:1)
  3 ball pythons
  3 frilled lizards
  2 kobolds (D:2)
  6 rats
52 creatures vanquished.

Notes
Turn   | Place    | Note
-------+----------+-------------------------------------------
     0 | D:1      | mistaj the Vine Stalker Fighter began the quest for the
                  | Orb.
     0 | D:1      | Reached XP level 1. HP: 11/11 MP: 2/2
    39 | D:1      | Found a faded altar of an unknown god.
   286 | D:1      | Reached XP level 2. HP: 16/16 MP: 2/4
   474 | D:1      | Reached skill level 1 in Spellcasting
   506 | D:1      | Reached skill level 3 in Fighting
   848 | D:1      | Reached XP level 3. HP: 19/20 MP: 5/5
  1482 | D:2      | Gained mutation: Your natural rate of healing is unusually
                  | fast. [Vine Stalker growth]
  1482 | D:2      | Reached XP level 4. HP: 14/24 MP: 4/7
  2050 | D:3      | Found a hide-covered altar of Uskayaw.
  2174 | D:3      | Found a stormy altar of Qazlal.
  2536 | D:3      | Reached XP level 5. HP: 21/29 MP: 4/9
  2899 | D:4      | Reached skill level 4 in Fighting
  2937 | D:4      | Noticed an ice beast
  2959 | D:4      | Slain by an ice beast

Illustrated notes

Levels and vault maps discovered:
D:1:      ncdulo_smallfort, layout_loops_ring, basic_ecumenical_altar
D:2:      layout_loops_ring
D:3:      layout_basic, mainiacjoe_overflow_chevrons,
          mainiacjoe_overflow_24_doors
D:4:      cheibrodos_barr_body, layout_cave_pools, tgw_kikubaaqudgha,
          roderic_batcave, corexii_corridor_pit, corexii_shack, uniq_purgy

Skill      XL: |  1  2  3  4  5 |
---------------+----------------+-----
Short Blades   | 2 3 |  3.3
Spellcasting   | 1 2 |  2.2
Fighting       | 3 4 |  4.0
Armour         | |  2.4
Shields        | |  2.6

Action                   |  1- 3 |  4- 6 || total
-------------------------+-------+-------++-------
Melee: Rapier            |    88 |       ||    88
       Bite              |    16 |    32 ||    48
       Dagger            |     8 |    84 ||    92
Armor: Scale mail        |    33 |       ||    33
       Chain mail        |    20 |    30 ||    50
Dodge: Dodged            |    44 |    17 ||    61
Block: Buckler           |    16 |    13 ||    29

Table legend: (Time is in decaauts)
 A = Elapsed time spent in this place.
 B = Non-inter-level travel time spent in this place.
 C = Inter-level travel time spent in this place.
 D = Time resting spent in this place.
 E = Time spent auto-exploring this place.
 F = Levels seen in this place.
 G = Mean time per level.
                   A        B        C        D        E       F      G
               +--------+--------+--------+--------+--------+-----+--------+
         Total |   2956 |   2886 |     70 |    642 |   1705 |   4 |  739.0 |
       Dungeon |   2956 |   2886 |     70 |    642 |   1705 |   4 |  739.0 |
               +--------+--------+--------+--------+--------+-----+--------+

Top non-repeatable levels by time:
     D:1: 1200 daAuts
     D:2: 829 daAuts
     D:3: 819 daAuts
     D:4: 107 daAuts
